AoeStats
← sovietdurak

Arena

507913357Analyzed
4v4 RM · 13d ago on Sep 20, 2026· 53m 58s· 8 players
Game mode
Random Map
Map size
Large (8 player)
Population
200
Speed
Normal
Resources
Standard
Victory
Conquest
Starting age
Dark Age
Ending age
Imperial Age
RankedLock teamsTeams togetherTeam positionsShared explorationLock speedFull tech treeHidden civsTurbo modeCheats
Victory
Defeat
🇮🇳 Saracens · India
1255
+15
🇺🇸 Teutons · United States
1255
+15
🇺🇸 Maya · United States
1202
+17
🇺🇸 Koreans · United States
1194
+18
🇺🇸 Celts · United States
1377
-22
🇺🇸 Spanish · United States
1251
-17
🇺🇸 Vikings · United States
1189
-14
🇺🇸 Chinese · United States
1114
-32
Phantom_JH
10:52 Feudal Age
15:59 Castle Age
14:12 Double-Bit Axe
19:19 Scale Barding Armor
19:59 Bloodlines
25:17 Forging
25:46 Loom
26:04 Horse Collar
32:40 Wheelbarrow
32:48 Heavy Plow
35:07 Husbandry
37:03 Chain Barding Armor
38:10 Hand Cart
40:20 Iron Casting
42:59 Gold Mining
47:07 Imperial Age
46:29 Padded Archer Armor
46:20 Fletching
48:28 Plate Barding Armor
47:16 Cavalier
48:26 Conscription
50:41 Blast Furnace
49:27 Capped Ram
50:13 Siege Ram
50:24 Sappers
51:37 Leather Archer Armor
53:16 Bodkin Arrow
JesseErica
0:27 Loom
11:01 Feudal Age
15:40 Castle Age
14:18 Fletching
14:54 Gold Mining
15:49 Wheelbarrow
15:04 Double-Bit Axe
15:05 Horse Collar
17:35 Bodkin Arrow
20:38 Padded Archer Armor
27:12 Ballistics
28:59 Town Watch
36:25 Imperial Age
37:40 Conscription
38:35 Bracer
38:50 Leather Archer Armor
42:16 Chemistry
41:27 Masonry
44:28 Architecture
43:54 Elite Chu Ko Nu
51:49 Hand Cart
51:34 Town Patrol
Legolas123249
10:25 Feudal Age
12:55 Double-Bit Axe
13:59 Loom
16:36 Fletching
16:47 Padded Archer Armor
23:41 Castle Age
21:50 Horse Collar
23:51 Crossbowman
24:27 Bodkin Arrow
24:47 Leather Archer Armor
28:27 Ballistics
41:11 Pikeman
41:52 Squires
41:53 Scale Mail Armor
44:53 Bow Saw
44:44 Heavy Plow
47:27 Chain Mail Armor
48:47 Forging
49:58 Scale Barding Armor
50:29 Iron Casting
Darth Marky
11:21 Feudal Age
15:44 Castle Age
13:58 Double-Bit Axe
14:53 Gold Mining
16:52 Bow Saw
16:30 Loom
17:33 Wheelbarrow
21:48 Hand Cart
31:59 Imperial Age
31:25 Gold Shaft Mining
30:31 Horse Collar
32:23 Town Watch
35:42 Fletching
38:43 Scale Mail Armor
38:53 Forging
38:39 Bodkin Arrow
38:48 Man-at-Arms
39:13 Gambesons
39:46 Chain Mail Armor
40:34 Heavy Plow
44:19 Plate Mail Armor
45:12 Bodkin Arrow
45:52 Iron Casting
49:08 Siege Engineers
49:15 Masonry
53:19 Conscription
PuneMahaWarrior
0:30 Loom
12:18 Feudal Age
16:35 Castle Age
15:01 Double-Bit Axe
16:01 Stone Mining
16:06 Horse Collar
17:40 Bow Saw
20:28 Gold Mining
22:31 Fletching
24:36 Scale Mail Armor
26:09 Chain Mail Armor
26:30 Squires
27:09 Arson
27:52 Eagle Warrior
30:14 Forging
32:36 Iron Casting
32:42 Wheelbarrow
31:52 Town Watch
35:40 Hand Cart
36:03 Bodkin Arrow
38:46 Imperial Age
37:50 Hand Cart
39:00 Elite Eagle Warrior
40:21 Plate Mail Armor
40:39 Conscription
42:30 Blast Furnace
43:47 Holcans
44:38 Bracer
45:01 Ballistics
46:53 Two-Man Saw
45:55 Heavy Plow
48:44 Pikeman
50:42 Halberdier
maharaja2020
11:07 Feudal Age
15:29 Castle Age
13:31 Horse Collar
15:44 Double-Bit Axe
18:45 Bloodlines
21:41 Scale Barding Armor
22:19 Forging
23:55 Chain Barding Armor
24:57 Iron Casting
25:00 Husbandry
43:57 Imperial Age
44:15 Heavy Camel Rider
45:57 Plate Barding Armor
47:33 Blast Furnace
49:33 Bow Saw
51:01 Loom
52:10 Wheelbarrow
sovietdurak
7:21 Loom
10:18 Feudal Age
11:37 Double-Bit Axe
11:33 Horse Collar
12:30 Fletching
15:49 Wheelbarrow
22:34 Castle Age
23:28 Bodkin Arrow
23:51 Bow Saw
23:42 Heavy Plow
25:11 Hand Cart
24:55 Guard Tower
28:01 Masonry
30:15 Town Watch
39:38 Imperial Age
40:15 Forging
40:06 Scale Mail Armor
40:11 Pikeman
40:52 Squires
42:08 Two-Man Saw
41:00 Gold Mining
41:17 Halberdier
42:37 Conscription
43:30 Chain Mail Armor
43:50 Iron Casting
43:49 Onager
46:48 Padded Archer Armor
47:19 Plate Mail Armor
47:49 Blast Furnace
47:58 Crenellations
47:44 Elite Skirmisher
48:48 Siege Engineers
49:32 Siege Onager
53:07 Leather Archer Armor
54:04 Ballistics
54:45 Chemistry
Unknowncmbk
0:37 Loom
11:16 Feudal Age
16:09 Castle Age
14:20 Horse Collar
14:50 Double-Bit Axe
17:01 Bow Saw
17:33 Heavy Plow
20:57 Gold Mining
20:58 Stone Mining
25:14 Wheelbarrow
30:04 Fletching
31:00 Bodkin Arrow
30:47 Treadmill Crane
32:24 Hand Cart
33:48 Eupseong
35:32 Ballistics
40:32 Imperial Age
38:02 Town Watch
40:29 Town Patrol
41:33 Elite War Wagon
43:33 Gold Shaft Mining
43:38 Stone Shaft Mining
44:07 Two-Man Saw
43:57 Siege Engineers
44:54 Chemistry
43:59 Bracer
46:16 Conscription
45:34 Heavy Rocket Cart
47:19 Capped Ram
51:41 Light Cavalry
52:22 Husbandry
52:36 Hussar
53:28 Forging
53:24 Scale Barding Armor
Connection lost

Rejoining the realm…

Still unreachable

The connection could not be restored.

Session expired

The server has moved on; the page needs a fresh start.